 Dungeon Sprint DCSS version 0.17-a0-1632-g0af21bd (webtiles) character file.

15349 Kidiri the Tortoise (level 12, 0/84 HPs)
             Began as a Gargoyle Fighter on Aug 3, 2015.
             Was the Champion of Okawaru.
             Killed by divine providence
             ... invoked by a smoke demon
             ... summoned by an orc high priest
              (14 damage)
             ... in the Dungeon (Sprint IX: "|||||||||||||||||||||||||||||").
             The game lasted 00:12:26 (2125 turns).

Kidiri the Tortoise (Gargoyle Fighter)              Turns: 2125, Time: 00:12:26

Health: 0/84       AC: 37    Str: 31    XL:     12   Next: 26%
Magic:  19/19      EV: 11    Int: 13    God:    Okawaru [******]
Gold:   1672       SH: 16    Dex: 13    Spells: 0 memorised, 11 levels left

rFire  . . .     SeeInvis .     z - +1 flail of Valour {venom, +Blink Str+4 Int+4 Dex+3}
rCold  . . .     Clarity  .     t - +0 plate armour
rNeg   + . .     SustAt   .     c - +0 shield
rPois  ∞         Gourm    .     E - +0 helmet
rElec  +         Spirit   .     F - +0 cloak
rCorr  .         Warding  .     r - +0 pair of gloves
rMut   .         NoTele   +     s - +2 pair of boots
MR     .....                    (no amulet)
Stlth  ..........               v - +3 ring of strength
                                u - +2 ring of protection

@: not resistant to hostile enchantments, extremely unstealthy
A: negative energy resistance 1, electricity resistance, unbreathing,
petrification resistance, rot immunity, AC +8
a: Heroism, Finesse, Renounce Religion, Evoke Blink


You were in the Dungeon.
You worshipped Okawaru.
Okawaru was exalted by your worship.
You were not hungry.

You visited 1 branch You collected 1672 gold pieces.

Inventory:

Hand weapons
 q - a +6 morningstar of crushing
 z - the +1 flail of Valour (weapon) {venom, +Blink Str+4 Int+4 Dex+3}
   (Okawaru gifted it to you in the Dungeon)

   It poisons the flesh of those it strikes.
   It affects your strength (+4).
   It affects your intelligence (+4).
   It affects your dexterity (+3).
   It lets you blink.
 H - the +9 great mace of Grandeur {drain, rF+, unknown}
   (Okawaru gifted it to you in the Dungeon)

   A truly terrible weapon, it drains the life of those it strikes.
   It protects you from fire.
Missiles
 l - 5 javelins (quivered)
 y - 7 tomahawks of dispersal
 B - 2 throwing nets
Armour
 c - a +0 shield (worn)
 r - a +0 pair of gloves (worn)
 s - a +2 pair of boots (worn)
 t - a +0 plate armour (worn)
 E - a +0 helmet (worn)
 F - a +0 cloak (worn)
Jewellery
 u - a +2 ring of protection (left hand)
 v - a +3 ring of strength (right hand)
Magical devices
 p - a wand of fire (7)
 w - a wand of disintegration (8)
Scrolls
 b - a scroll of identify
 k - 2 scrolls of blinking
 n - 3 scrolls of remove curse
 o - 2 scrolls of amnesia
 x - a scroll of fear
 A - a scroll of fog
Potions
 a - 2 potions of agility
 d - a potion of might
 f - a potion of invisibility
 g - a potion of heal wounds
 h - a potion of haste
 i - 4 potions of magic
 j - 2 potions of berserk rage
 m - 5 potions of curing
Comestibles
 e - 13 bread rations
 C - 40 fruits
 D - 11 meat rations
 G - 3 chunks of flesh


   Skills:
 + Level 13.0 Fighting
 + Level 11.9 Maces & Flails
 * Level 17.4 Armour
 + Level 4.6 Dodging
 * Level 17.4 Shields
 - Level 9.6 Invocations
 + Level 4.2 Evocations


You had 11 spell levels left.
You didn't know any spells.

Dungeon Overview and Level Annotations

Branches:
Dungeon (1/1)

Altars:
Cheibriados
Dithmenos
Elyvilon
Fedhas
Gozag
Kikubaaqudgha
Makhleb
Nemelex Xobeh
Okawaru
Qazlal
Ru
Sif Muna
Trog
Vehumet
Xom
Yredelemnul
Zin
The Shining One
Beogh
Jiyva
Lugonu

Shops:
D :[%?


Innate Abilities, Weirdness & Mutations

You are resistant to torment.
Your stone body is resilient (AC +8).
You are immune to poison.
You resist negative energy.
You are resistant to electric shocks.
You can survive without breathing.
You are immune to petrification.
You are immune to rotting.


Message History

The orc high priest invokes the aid of Beogh against you.
Something smites you!
Unknown command.
You hit the orc knight.
The orc knight is almost dead.
The orc knight hits you but does no damage.
The orc knight hits you with a dire flail.
The orc high priest utters an invocation to Beogh.
The smoke demon gestures at you. Something smites you!
* * * LOW HITPOINT WARNING * * *
You kill the orc knight!
Okawaru accepts your kill.
There is an entrance to Herip's Food Shop here.
The smoke demon gestures at you. Something smites you!
* * * LOW HITPOINT WARNING * * *
The smoke demon gestures at you. Something smites you!
You die...

....)))(.....)[....)|..'_________
▓▓▓▓▓▓▓▓▓▓▓▓▓▓▓▓▓▓▓▓▓▓▓▓▓▓▓▓▓▓▓▓▓
.................................
▓▓▓▓▓▓▓▓▓▓▓▓▓▓▓▓▓▓▓▓▓▓▓▓▓▓▓▓▓▓▓▓▓
..\.....'(...........'.......÷.%.
▓▓▓▓▓▓▓▓▓▓▓▓▓▓▓▓▓▓▓▓▓▓▓▓▓▓▓▓▓▓▓▓▓
................)..).......()....
▓▓▓▓▓▓▓▓▓▓▓▓▓▓▓▓▓▓▓▓▓▓▓▓▓▓▓▓▓▓▓▓▓
,,,,+,oo43∩.4o∩.@....)'.........)
******▓▓▓▓▓▓▓▓▓▓▓▓▓▓▓▓▓▓▓▓▓▓▓▓▓▓▓
,,,,,,,,,,,,,,,,,,,,,,,,,,,,,,,,,
*********************************
,,,,+,,,,,,,,,,,,,,,+,,,,,,,,,,,,
*********************************
,,,,,,,,,,,,,,,,,,,,,,,,,,,,,,,,,
*********************************
,,,,,,,+,,,,,,,,,+,,,,,,,,,+,,,,,


You could see an orc knight, a smoke demon and a red devil.

Vanquished Creatures
  Harold (D)
  A centaur warrior (D)
  Urug (D)
  3 orc high priests (D)
  Sonja (D)
  A hill giant (D)
  An unseen horror (D)
  A harpy (shapeshifter) (D)
  A manticore (D)
  8 orc knights (D)
  An elephant (D)
  2 black mambas (D)
  A spiny frog (D)
  2 komodo dragons (D)
  A troll (D)
  A fire drake (D)
  4 polar bears (D)
  A basilisk (D)
  4 hippogriffs (D)
  3 yaks (D)
  9 orc warriors (D)
  An ice beast (D)
  4 black bears (D)
  3 ogres (D)
  2 crocodiles (D)
  A wight (D)
  2 crimson imps (D)
  An iguana (D)
  2 orc priests (D)
  6 orc wizards (D)
  2 worker ants (D)
  6 orcs (D)
  2 bats (D)
  A giant cockroach (D)
  A goblin (D)
  A jackal (D)
  A quokka (D)
  A giant newt (D)
85 creatures vanquished.

Notes
Turn   | Place    | Note
--------------------------------------------------------------
     0 | D        | Kidiri the Gargoyle Fighter began the quest for the Orb.
     0 | D        | Reached XP level 1. HP: 14/14 MP: 1/1
    24 | D        | Reached skill level 4 in Shields
   126 | D        | Noticed a worker ant
   126 | D        | Noticed an ogre
   126 | D        | Noticed an ogre
   130 | D        | Killed an ogre
   130 | D        | Reached skill level 6 in Armour
   130 | D        | Reached XP level 2. HP: 16/20 MP: 2/2
   130 | D        | Reached XP level 3. HP: 20/25 MP: 3/3
   130 | D        | Reached XP level 4. HP: 24/30 MP: 4/4
   146 | D        | Killed an ogre
   146 | D        | Reached skill level 5 in Fighting
   146 | D        | Reached skill level 7 in Armour
   146 | D        | Reached XP level 5. HP: 11/36 MP: 5/5
   159 | D        | Killed a worker ant
   159 | D        | Reached skill level 5 in Maces & Flails
   159 | D        | Reached skill level 8 in Armour
   176 | D        | Found a glowing silver altar of Zin.
   176 | D        | Found a glowing golden altar of the Shining One.
   176 | D        | Found an ancient bone altar of Kikubaaqudgha.
   176 | D        | Found a basalt altar of Yredelemnul.
   176 | D        | Found a shimmering altar of Xom.
   176 | D        | Found a radiant altar of Vehumet.
   177 | D        | Found an iron altar of Okawaru.
   178 | D        | Found a burning altar of Makhleb.
   179 | D        | Found a deep blue altar of Sif Muna.
   180 | D        | Found a bloodstained altar of Trog.
   181 | D        | Found a sparkling altar of Nemelex Xobeh.
   182 | D        | Found a white marble altar of Elyvilon.
   183 | D        | Found a roughly hewn altar of Beogh.
   184 | D        | Found a viscous altar of Jiyva.
   185 | D        | Became a worshipper of Warmaster Okawaru
   186 | D        | Found a corrupted altar of Lugonu.
   187 | D        | Found a blossoming altar of Fedhas.
   188 | D        | Found a snail-covered altar of Cheibriados.
   189 | D        | Found a shadowy altar of Dithmenos.
   190 | D        | Found a stormy altar of Qazlal.
   191 | D        | Found an opulent altar of Gozag.
   192 | D        | Found a sacrificial altar of Ru.
   265 | D        | Noticed a hill giant
   265 | D        | Noticed a crimson imp
   265 | D        | Noticed a worker ant
   265 | D        | Noticed a crimson imp
   265 | D        | Noticed an ice beast
   271 | D        | Killed an ice beast
   271 | D        | Reached XP level 6. HP: 40/42 MP: 5/7
   272 | D        | Killed a crimson imp
   272 | D        | Reached skill level 9 in Armour
   278 | D        | Killed a hill giant
   278 | D        | Acquired Okawaru's first power
   278 | D        | Reached skill level 10 in Armour
   278 | D        | Reached skill level 10 in Shields
   278 | D        | Reached XP level 7. HP: 28/48 MP: 5/10
   281 | D        | Killed a worker ant
   281 | D        | Reached skill level 5 in Invocations
   281 | D        | Reached XP level 8. HP: 31/54 MP: 6/11
   284 | D        | Killed an unseen horror
   284 | D        | Reached skill level 11 in Armour
   303 | D        | Killed a crimson imp
   409 | D        | Noticed an ogre
   409 | D        | Noticed a troll
   409 | D        | Noticed a manticore
   409 | D        | Noticed a centaur warrior
   409 | D        | Noticed a harpy
   409 | D        | Noticed a wight
   412 | D        | Killed a wight
   414 | D        | Killed a harpy
   414 | D        | Reached skill level 12 in Armour
   414 | D        | Reached XP level 9. HP: 49/60 MP: 13/13
   422 | D        | Killed a centaur warrior
   428 | D        | Killed a manticore
   428 | D        | Reached skill level 13 in Armour
   436 | D        | Killed a troll
   436 | D        | Reached skill level 10 in Fighting
   440 | D        | Killed an ogre
   763 | D        | Noticed an iguana
   763 | D        | Noticed a hippogriff
   763 | D        | Noticed a crocodile
   763 | D        | Noticed a komodo dragon
   763 | D        | Noticed a black mamba
   763 | D        | Noticed a yak
   766 | D        | Noticed a crocodile
   767 | D        | Killed a yak
   767 | D        | Reached XP level 10. HP: 68/68 MP: 13/16
   770 | D        | Noticed a hippogriff
   774 | D        | Killed a black mamba
   774 | D        | Acquired Okawaru's second power
   776 | D        | Killed a komodo dragon
   778 | D        | Killed a crocodile
   780 | D        | Killed a hippogriff
   780 | D        | Received a gift from Okawaru
   780 | D        | Reached skill level 14 in Armour
   784 | D        | Noticed a hippogriff
   785 | D        | Killed an iguana
   787 | D        | Killed a crocodile
   792 | D        | Killed a hippogriff
   794 | D        | Killed a hippogriff
   810 | D        | Noticed a yak
   810 | D        | Noticed a black mamba
   810 | D        | Noticed a spiny frog
   810 | D        | Noticed an elephant
   810 | D        | Noticed a komodo dragon
   810 | D        | Noticed a hippogriff
   813 | D        | Killed a hippogriff
   815 | D        | Noticed a fire drake
   817 | D        | Noticed a basilisk
   819 | D        | Killed a komodo dragon
   826 | D        | Killed an elephant
   830 | D        | Killed a spiny frog
   833 | D        | Killed a black mamba
   833 | D        | Reached skill level 10 in Maces & Flails
   837 | D        | Killed a yak
   842 | D        | Killed a fire drake
   843 | D        | Noticed a yak
   846 | D        | Killed a basilisk
   850 | D        | Killed a yak
   850 | D        | Reached skill level 15 in Armour
   850 | D        | Reached skill level 15 in Shields
   921 | D        | Noticed a black bear
   921 | D        | Noticed a black bear
   921 | D        | Noticed a polar bear
   921 | D        | Noticed a black bear
   921 | D        | Noticed a polar bear
   921 | D        | Noticed a polar bear
   925 | D        | Noticed a black bear
   927 | D        | Noticed a polar bear
   928 | D        | Killed a polar bear
   928 | D        | Reached XP level 11. HP: 74/74 MP: 18/18
   940 | D        | Killed a polar bear
   942 | D        | Killed a polar bear
   945 | D        | Killed a polar bear
   945 | D        | Received a gift from Okawaru
   949 | D        | Killed a black bear
   953 | D        | Killed a black bear
   954 | D        | Killed a black bear
   958 | D        | Killed a black bear
  1074 | D        | Noticed Urug
  1084 | D        | Killed Urug
  1084 | D        | Reached skill level 1 in Dodging
  1102 | D        | Noticed Harold
  1124 | D        | Killed Harold
  1243 | D        | Noticed Sonja
  1252 | D        | Killed Sonja
  1252 | D        | Received a gift from Okawaru
  1252 | D        | Reached skill level 16 in Armour
  1253 | D        | Got a warped flail {god gift}
  1254 | D        | Identified the +1 flail of Valour {venom, +Blink Str+4 Int+4 Dex+3} (Okawaru gifted it to you in the Dungeon)
  1304 | D        | Noticed an orc wizard
  1304 | D        | Noticed an orc priest
  1311 | D        | Noticed an orc wizard
  1311 | D        | Killed an orc priest
  1316 | D        | Noticed an orc warrior
  1318 | D        | Noticed an orc wizard
  1318 | D        | Killed an orc wizard
  1321 | D        | Noticed an orc priest
  1322 | D        | Killed an orc wizard
  1331 | D        | Killed an orc warrior
  1333 | D        | Killed an orc wizard
  1340 | D        | Killed an orc priest
  1360 | D        | Noticed an orc wizard
  1367 | D        | Killed an orc wizard
  1506 | D        | Noticed an orc warrior
  1506 | D        | Noticed an orc knight
  1506 | D        | Noticed an orc warrior
  1506 | D        | Noticed an orc warrior
  1506 | D        | Noticed an orc warrior
  1506 | D        | Noticed an orc wizard
  1511 | D        | Killed an orc wizard
  1512 | D        | Noticed an orc wizard
  1514 | D        | Noticed an orc knight
  1517 | D        | Killed an orc warrior
  1520 | D        | Noticed an orc warrior
  1525 | D        | Noticed an orc warrior
  1532 | D        | Killed an orc knight
  1532 | D        | Reached skill level 1 in Evocations
  1538 | D        | Noticed an orc warrior
  1545 | D        | Killed an orc knight
  1548 | D        | Killed an orc warrior
  1553 | D        | Killed an orc warrior
  1559 | D        | Noticed an orc warrior
  1561 | D        | Killed an orc warrior
  1565 | D        | Killed an orc warrior
  1573 | D        | Killed an orc warrior
  1578 | D        | Killed an orc warrior
  1583 | D        | Killed an orc warrior
  1587 | D        | Killed an orc wizard
  1708 | D        | Found Ruoditao's Magic Scroll Boutique.
  1708 | D        | Noticed an orc high priest
  1708 | D        | Noticed an orc high priest
  1708 | D        | Noticed an orc knight
  1708 | D        | Noticed an orc knight
  1708 | D        | Noticed an orc knight
  1709 | D        | Noticed an orc knight
  1711 | D        | Noticed an orc knight
  1730 | D        | Killed an orc knight
  1730 | D        | Received a gift from Okawaru
  1731 | D        | Got a crude great mace {god gift}
  1738 | D        | Killed an orc knight
  1744 | D        | HP: 3/76 [orc high priest/divine providence (11)]
  1770 | D        | Killed an orc knight
  1803 | D        | Killed an orc high priest
  1803 | D        | Reached XP level 12. HP: 30/82 MP: 19/19
  1815 | D        | Killed an orc high priest
  1815 | D        | Reached skill level 17 in Armour
  1823 | D        | Killed an orc knight
  1847 | D        | Killed an orc knight
  2059 | D        | Noticed an orc high priest
  2073 | D        | Killed an orc high priest
  2102 | D        | Found Herip's Food Shop.
  2106 | D        | Found Kuleat's Antique Armour Boutique.
  2110 | D        | Found Kuff's Book Shop.
  2112 | D        | Noticed an orc knight
  2113 | D        | Noticed an orc knight
  2114 | D        | Noticed an orc high priest
  2115 | D        | Noticed an orc high priest
  2123 | D        | Killed an orc knight
  2125 | D        | Killed from afar by a smoke demon

Vault maps used:
D:        linesprint

Action                   |  1- 3 |  4- 6 |  7- 9 | 10-12 || total
-------------------------+-------+-------+-------+-------++-------
Melee: Flail             |    28 |    31 |       |   211 ||   270
       Morningstar       |       |    12 |    37 |   111 ||   160
       Mace              |       |       |       |     2 ||     2
Throw: Javelin           |       |       |       |     2 ||     2
Invok: Heroism           |       |       |     2 |       ||     2
  Use: Potion            |       |     3 |       |     2 ||     5
       Scroll            |       |       |     6 |     1 ||     7
  Eat: Chunk             |       |       |       |     1 ||     1
       Meat ration       |       |       |       |     1 ||     1
